 Dungeon Crawl Stone Soup version 0.29-a0-82-g837932c90e (webtiles) character file.

Game seed: 16887908953641616686

35 horus123 the Skirmisher (level 3, -1/36 HPs)
             Began as a Hill Orc Fighter on Feb 4, 2022.
             Succumbed to a goblin's poison
             ... on level 2 of the Dungeon.
             The game lasted 00:01:55 (905 turns).

horus123 the Skirmisher (Hill Orc Fighter)           Turns: 905, Time: 00:01:55

Health: -1/36      AC:  6    Str: 20    XL:     3   Next: 35%
Magic:  3/3        EV:  9    Int:  8    God:
Gold:   53         SH:  4    Dex: 10    Spells: 2/2 levels left

rFire   . . .      SeeInvis .   a - +0 flail
rCold   . . .      Faith    .   c - +0 buckler
rNeg    . . .      Spirit   .   b - +0 scale mail
rPois   .          Reflect  .   (no helmet)
rElec   .          Harm     .   (no cloak)
rCorr   .          Rampage  .   (no gloves)
Will    .....                   (no boots)
Stlth   ..........              (no amulet)
HPRegen 0.12/turn               (no ring)
MPRegen 0.08/turn               (no ring)

@: lethally poisoned (-1 -> -8)
A: no striking features
a: no special abilities


You were on level 2 of the Dungeon.
You visited 1 branch of the dungeon, and saw 2 of its levels.

You collected 53 gold pieces.

Inventory:

Hand Weapons
 a - a +0 flail (weapon)
Armour
 b - a +0 scale mail (worn)
 c - a +0 buckler (worn)
Potions
 d - a potion of might
 e - a potion of curing {unknown}
 f - a potion of lignification {unknown}


   Skills:
 - Level 5.0 Fighting
 + Level 2.6 Maces & Flails
 - Level 3.2 Armour
 - Level 3.2 Shields


You had 2 spell levels left.
You didn't know any spells.
Your spell library was empty.

Dungeon Overview and Level Annotations

Branches:
Dungeon (2/15)

Altars:

Annotations:
D:2 Robin


Message History

You hit the goblin.
The goblin is severely wounded.
The goblin hits you with a +0 dagger of venom.
You are poisoned.
The goblin hits you with a +0 dagger.
A goblin comes into view. It is wielding a +0 club.
The goblin hits you with a +0 dagger of venom.
You are more poisoned.
You hit the goblin but do no damage.
The goblin is severely wounded.
You feel very sick. The goblin hits you but does no damage.
A rat comes into view.
A hobgoblin comes into view.
The goblin hits you but does no damage. The goblin barely misses you.
Unknown command.
You sock the goblin!
You kill the goblin!
You feel very sick. Robin throws the goblin at you!
The goblin barely misses you.
The goblin hits you with a +0 dagger of venom.
You are more poisoned.
You hit the goblin.
You kill the goblin!
You feel very sick. The goblin hits you but does no damage.
You are lethally poisoned!
* * * LOW HITPOINT WARNING * * *
You feel very sick. The goblin closely misses you.
Things that are here:
a +0 club; a +0 dagger
* * * LOW HITPOINT WARNING * * *
You feel very sick.
* * * LOW HITPOINT WARNING * * *
You feel sick.
* * * LOW HITPOINT WARNING * * *
You feel sick. Robin throws the goblin at you!
* * * LOW HITPOINT WARNING * * *
You block the goblin's attack.
You die... ...g. .#.## gg.

# #.# .####g#r#
# .....g#g##.#
.......gg..#
#.##..#.####.#.
.......@.......
#.##..#.####.#.
.........
#.##..#.#. #
#..#.#.. #. ...
.. .. ... .##
.. .#. #


You could see 3 hobgoblins, 4 goblins and a rat.

Vanquished Creatures
  A dart slug (D:1)
  2 endoplasms (D:1)
  5 goblins
  3 hobgoblins (D:1)
  4 jackals (D:1)
  3 quokkas (D:1)
  4 bats (D:1)
  A frilled lizard (D:1)
  3 kobolds (D:1)
  3 rats (D:1)
29 creatures vanquished.

Notes
Turn   | Place    | Note
-------+----------+-------------------------------------------
     0 | D:1      | horus123 the Hill Orc Fighter began the quest for the Orb.
     0 | D:1      | Reached XP level 1. HP: 19/19 MP: 1/1
    49 | D:1      | Reached skill level 4 in Fighting
   110 | D:1      | Reached XP level 2. HP: 25/27 MP: 2/2
   375 | D:1      | Reached skill level 5 in Fighting
   375 | D:1      | Reached XP level 3. HP: 35/36 MP: 3/3
   893 | D:2      | Noticed Robin
   904 | D:2      | HP: 1/36 [Robin/goblin (2)]
   905 | D:2      | Succumbed to a goblin's poison

Illustrated notes

Levels and vault maps discovered:
D:1:      dpeg_arrival_pond, layout_basic
D:2:      cheibrodos_helix_gallery, layout_basic, kennysheep_generic_room_5,
          uniq_crazy_yiuf_cottage, uniq_robin, uniq_jessica

Skill      XL: |  1  2 |
---------------+-------+-----
Fighting       | 4 5 |  5.0
Maces & Flails | |  2.6
Armour         | |  3.2
Shields        | |  3.2

Action                   || total
-------------------------++-------
Melee: Flail             ||    94
Armor: Scale mail        ||    50
Dodge: Dodged            ||    51
Block: Buckler           ||    21

Table legend: (Time is in decaauts)
 A = Elapsed time spent in this place.
 B = Non-inter-level travel time spent in this place.
 C = Inter-level travel time spent in this place.
 D = Time resting spent in this place.
 E = Time spent auto-exploring this place.
 F = Levels seen in this place.
 G = Mean time per level.
                   A        B        C        D        E       F      G
               +--------+--------+--------+--------+--------+-----+--------+
         Total |    934 |    918 |     16 |      0 |    712 |   2 |  467.0 |
       Dungeon |    934 |    918 |     16 |      0 |    712 |   2 |  467.0 |
               +--------+--------+--------+--------+--------+-----+--------+

Top non-repeatable levels by time:
     D:1: 918 daAuts
     D:2: 16 daAuts
